 Dungeon Crawl Stone Soup version 0.30.1-11-g7821555f0a (webtiles) character file.

Game seed: 9058332171490372036

133 Peloso the Covered (level 4, 0/40 HPs)
             Began as a Minotaur Fighter on Jan 3, 2024.
             Slain by an orc wizard
             ... wielding a +0 dagger of distortion
              (10 damage)
             ... on level 3 of the Dungeon.
             The game lasted 00:02:31 (1902 turns).

Peloso the Covered (Minotaur Fighter)               Turns: 1902, Time: 00:02:32

Health: 0/40       AC:  7    Str: 20    XL:     4   Next: 94%
Magic:  3/3        EV:  9    Int:  5    God:
Gold:   124        SH:  0    Dex: 12    Spells: 3/3 levels left

rFire   . . .        a - +0 long sword
rCold   . . .        c - +0 buckler
rNeg    . . .        b - +0 scale mail
rPois   .            (helmet restricted)
rElec   .            (no cloak)
rCorr   .            (no gloves)
SInv    .            (no boots)
Will    .....        (no amulet) Stlth
                     (no ring)
HPRegen 0.26/turn    (no ring)
MPRegen 0.08/turn

%: no passive effects
@: confused
A: horns 2, retaliatory headbutt
a: no special abilities


You were on level 3 of the Dungeon.
You visited 1 branch of the dungeon, and saw 3 of its levels.

You collected 124 gold pieces.

Inventory:

Hand Weapons
 a - a +0 long sword (weapon)
Armour
 b - a +0 scale mail (worn)
 c - a +0 buckler (worn)
Jewellery
 g - an amulet of magic regeneration
 k - a ring of poison resistance
Scrolls
 e - a scroll of poison {unknown}
 f - a scroll of identify {unknown}
 j - a scroll of enchant armour {unknown}
Potions
 d - a potion of might


   Skills:
 + Level 4.1 Fighting
 + Level 4.0 Long Blades
 + Level 5.3 Armour
 + Level 0.2 Dodging
 + Level 4.0 Shields


You had 3 spell levels left.
You didn't know any spells.
Your spell library contained the following spells:

 Spells                   Type           Power      Damage    Failure   Level
 Call Canine Familiar     Summ           0%         N/A       99%         3
 Portal Projectile        Hex/Tloc       0%         N/A       99%         3
 Leda's Liquefaction      Hex/Erth       0%         N/A       100%        4


Dungeon Overview and Level Annotations

Branches:
Dungeon (3/15)

Altars:


Innate Abilities, Weirdness & Mutations

You have a pair of horns on your head.
You reflexively headbutt those who attack you in melee.


Message History

Something completely misses you.
You are confused.
You feel invigorated. Something hits you.
* * * LOW HITPOINT WARNING * * *
Unknown command.
You bump into the rock wall.
You hear some strange, mumbled words.
A magic dart appears from out of thin air!
The magic dart hits you.
* * * LOW HITPOINT WARNING * * *
Unknown command.
The orc wizard points at you and mumbles some strange words.
The puff of flame hits you but does no damage.
You hear some strange, mumbled words.
A puff of flame appears from out of thin air!
The puff of flame hits you.
* * * LOW HITPOINT WARNING * * *
Unknown command.
You're too confused to move!
Unknown command.
You bump into the rock wall.
Something hits you but does no damage. Space warps horribly around you!
* * * LOW HITPOINT WARNING * * *
The orc wizard hits you but does no damage.
Unknown command.
Unknown command.
A hobgoblin comes into view.
You feel less invigorated.
You feel less confused.
The hobgoblin shouts!
Unknown command.
You barely miss something.
The orc wizard gestures at you while chanting.
You are confused.
A worm comes into view.
Unknown command.
You bump into the rock wall.
The bat barely misses you. Something hits you.
* * * LOW HITPOINT WARNING * * *
Space warps horribly around you!
You die...

#)# #<## ...## . ....# ## .
...## ### .#.#.. ### #.##
##..## ....##..# #.#
##..!.##w..##.... #.#####
...#......#...#.... #.....#
#.# #@{##.##..# #####.#
#.#..####o.#.#..#### #.#
#.#..#(b#bo#.#..#.=# #.#
#.#..##.#..#)#..#.# .# #.#
#.##..#.#..)#...#g#..# #.#
#.##....#...#...#K...#
#.###.###..##...#...##..##
#.....######....#....######
#####.....................#


You could see a worm, an orc wizard, an orc and a bat.

Vanquished Creatures
  An orc wizard (D:3)
  3 gnolls (D:2)
  2 adders (D:2)
  2 worms (D:2)
  An orc (D:3)
  7 ball pythons
  4 bats
  5 endoplasms
  4 giant cockroaches (D:2)
  2 goblins
  5 hobgoblins
  A quokka (D:2)
  3 frilled lizards
  6 kobolds
  4 rats
50 creatures vanquished.

Notes
Turn   | Place    | Note
-------+----------+-------------------------------------------
     0 | D:1      | Peloso the Minotaur Fighter began the quest for the Orb.
     0 | D:1      | Reached XP level 1. HP: 19/19 MP: 0/0
   101 | D:1      | Reached XP level 2. HP: 27/27 MP: 1/1
   219 | D:1      | Reached skill level 4 in Armour
   873 | D:2      | Reached XP level 3. HP: 32/33 MP: 2/2
  1398 | D:2      | Reached XP level 4. HP: 28/40 MP: 3/3
  1408 | D:2      | Reached skill level 5 in Armour
  1902 | D:3      | Slain by an orc wizard

Illustrated notes

Levels and vault maps discovered:
D:1:      amcnicky_arrival_blooded_trapdoor, layout_loops_ring
D:2:      layout_loops_ring, serial_co_window_serial, co_window_cross_1,
          co_window_corner_a, co_window_paths_a, co_window_corner_a,
          co_window_of_opportunity_a, co_window_broadway_b, co_window_paths_c,
          co_window_broadway_a, co_window_broadway_b, glass_columns_b,
          item_on_display_a
D:3:      layout_loops_ring, old_standard_altar, minmay_puff

Skill      XL: |  1  2  3  4 |
---------------+-------------+-----
Armour         | 4 5 |  5.3
Fighting       | 4 |  4.1
Long Blades    | 3 4 |  4.0
Shields        | 4 |  4.0
Dodging        | |  0.2

Action                     |  1- 3 |  4- 6 || total
---------------------------+-------+-------++-------
  Melee: Long sword        |    97 |    43 ||   140
         Headbutt          |    18 |     1 ||    19
    Use: Potion            |     2 |     2 ||     4
 Armour: Scale mail        |    45 |    30 ||    75
  Dodge: Dodged            |    56 |    19 ||    75
  Block: Buckler           |    29 |     7 ||    36
